 Dungeon Crawl Stone Soup version 0.19-a0-1068-g99dd0f4 (webtiles) character file.

5342 Fenrir042 the Conjurer (level 10, -3/58 HPs)
             Began as a Gargoyle Wizard on Aug 4, 2016.
             Was a Priest of Vehumet.
             Slain by a two-headed hydra (9 damage)
             ... on level 9 of the Dungeon.
             The game lasted 00:52:04 (10725 turns).

Fenrir042 the Conjurer (Gargoyle Wizard)           Turns: 10725, Time: 00:52:05

Health: -3/58      AC: 17    Str: 10    XL:     10   Next: 65%
Magic:  20/20      EV:  8    Int: 23    God:    Vehumet [***...]
Gold:   522        SH:  0    Dex: 12    Spells: 6 memorised, 8 levels left

rFire  . . .     SeeInvis +     M - +10 flail of Disarray {flame, *Drain rElec SInv Stlth+}
rCold  + . .     Gourm    .     A - +1 leather armour {rC+}
rNeg   + . .     Faith    +     (no shield)
rPois  ∞         Spirit   .     l - +2 helmet
rElec  +         Dismiss  .     F - +1 cloak
rCorr  .         Reflect  .     (no gloves)
SustAt +         Harm     .     (no boots)
MR     .....                    w - amulet of faith
Stlth  +++.......               J - +4 ring of dexterity
                                C - ring of sustain attributes

@: slowed, very slow
A: negative energy resistance 1, electricity resistance, unbreathing,
petrification resistance, rot immunity, AC +7
a: Renounce Religion


You were on level 9 of the Dungeon.
You worshipped Vehumet.
Vehumet was most pleased with you.
You were not hungry.

You visited 2 branches of the dungeon, and saw 10 of its levels.

You collected 522 gold pieces.

Inventory:

Hand Weapons
 p - a +0 whip of venom
 t - a +1 whip of draining
 M - the +10 flail of Disarray (weapon) {flame, *Drain rElec SInv Stlth+}
   (You found it on level 7 of the Dungeon)

   It has been specially enchanted to burn those struck by it, causing extra
   injury to most foes and up to half again as much damage against particularly
   susceptible opponents.
   It insulates you from electricity.
   It lets you see invisible.
   It causes draining when unequipped.
   It makes you more stealthy.
Armour
 a - a +0 robe
 b - a +0 hat
 l - a +2 helmet (worn)
 u - a +0 chain mail
 A - a +1 leather armour of cold resistance (worn)
 F - a +1 cloak (worn)
Jewellery
 h - an uncursed amulet of harm
 w - an amulet of faith (around neck)
 C - a ring of sustain attributes (left hand)
 I - an uncursed ring of poison resistance
 J - a +4 ring of dexterity (right hand)
Wands
 g - a wand of confusion (18/48)
 q - a wand of flame (25/48)
 x - a wand of random effects (40/48)
 D - a wand of lightning (3/15)
 H - a wand of random effects (22/48)
 L - a wand of acid (3/15)
 N - a wand of iceblast (4/15)
 R - a wand of flame (26/48)
 S - a wand of digging (15/24)
Scrolls
 e - 3 scrolls of remove curse {unknown}
 o - 2 scrolls of amnesia {unknown}
 r - 2 scrolls of teleportation {unknown}
 s - 9 scrolls of identify {unknown}
 v - 3 scrolls of fog {unknown}
 y - a scroll of random uselessness {unknown}
 K - 4 scrolls of enchant weapon {unknown}
 O - a scroll of immolation {unknown}
Potions
 i - 2 potions of magic {unknown}
 j - 2 potions of resistance {unknown}
 k - a potion of might {unknown}
 m - 2 potions of agility {unknown}
 n - a potion of heal wounds {unknown}
 z - a potion of curing
 B - a potion of invisibility {unknown}
 E - a potion of degeneration {unknown}
 G - a potion of cure mutation {unknown}
 Q - a potion of flight {unknown}
Books
 c - a book of Minor Magic

   Spells                             Type                      Level
   a - Magic Dart                     Conjuration                  1
   b - Blink                          Translocation                2
   c - Call Imp                       Summoning                    2
   d - Repel Missiles                 Charms/Air                   2
   e - Slow                           Hexes                        2
   f - Conjure Flame                  Conjuration/Fire             3
   g - Mephitic Cloud                 Conjuration/Poison/Air       3
 P - a book of Transfigurations

   Spells                             Type                      Level
   a - Irradiate                      Conjuration/Transmutation    5
   b - Statue Form                    Transmutation/Earth          6
   c - Hydra Form                     Transmutation                6
   d - Dragon Form                    Transmutation                7
 W - Seesmobb's Tome of the Congealing Volcanoes
   (You found it on level 9 of the Dungeon)

   Spells                             Type                      Level
   a - Flame Tongue                   Conjuration/Fire             1
   b - Ignite Poison                  Fire/Transmutation/Poison    3
   c - Sticky Flame                   Conjuration/Fire             4
   d - Metabolic Englaciation         Hexes/Ice                    5
   e - Delayed Fireball               Conjuration/Fire             7
Comestibles
 d - 4 bread rations
 f - 2 meat rations
 T - 3 chunks of flesh
 U - a royal jelly
 V - 12 fruits
 X - 6 slices of pizza


   Skills:
 + Level 4.7 Fighting
 + Level 4.0 Maces & Flails
 + Level 4.9 Armour
 + Level 3.6 Dodging
 - Level 2.1 Stealth
 + Level 6.9 Spellcasting
 + Level 7.6 Conjurations
   Level 0.8 Summonings
 - Level 0.8 Translocations
 + Level 4.0 Fire Magic
 + Level 4.6 Air Magic
 + Level 3.5 Evocations


You had 8 spell levels left.
You knew the following spells:

 Your Spells              Type           Power        Failure   Level  Hunger
a - Magic Dart            Conj           ####         1%          1    None
b - Mephitic Cloud        Conj/Pois/Air  ####....     2%          3    None
c - Conjure Flame         Conj/Fire      ####....     1%          3    None
d - Repel Missiles        Chrm/Air       ###...       8%          2    None
e - Blink                 Tloc           N/A          12%         2    None
f - Ignite Poison         Fire/Tmut/Pois ##......     4%          3    None


Dungeon Overview and Level Annotations

Branches:
Dungeon (9/15)             Temple (1/1) D:5
   Lair: D:8-11         Orc: D:9-12

Altars:
Ashenzari
Cheibriados
Dithmenos
Elyvilon
Fedhas
Gozag
Hepliaklqana
Kikubaaqudgha
Makhleb
Nemelex Xobeh
Okawaru
Pakellas
Qazlal
Ru
Sif Muna
Trog
Uskayaw
Vehumet
Xom
Yredelemnul
Zin
The Shining One

Annotations:
D:1 Terence


Innate Abilities, Weirdness & Mutations

You are resistant to torment.
Your stone body is resilient. (AC +7)
You are immune to poison.
You resist negative energy. (rN+)
You are resistant to electric shocks. (rElec)
You can survive without breathing.
You are immune to petrification.
You are immune to rotting.


Message History

The orc zaps a wand.
The puff of flame hits you!
Items here: ))))) ††† The two-headed hydra barely misses you.
The two-headed hydra bites you but does no damage.
You see here a giant frog corpse.
The two-headed hydra bites you.
* * * LOW HITPOINT WARNING * * *
The two-headed hydra bites you.
* * * LOW HITPOINT WARNING * * *
A deep elf mage comes into view. It is wielding a short sword.
There is a stone staircase leading down here.
The deep elf mage gestures wildly while chanting.
The deep elf mage blinks!
There is a stone staircase leading up here.
Magic restored.
The deep elf mage shouts!
The two-headed hydra bites you.
* * * LOW HITPOINT WARNING * * *
The two-headed hydra bites you!
You die...

.........##.........#
............#.......
.................#
.................#
#............)†..#
#...........##...#
............#..).#
...........e#o).##
..........5K)o.D@#
#..........#####.#
#..........# #.#
#..........# ..#
#..........# ###
#....(.....#
############


You could see a two-headed hydra, a deep elf mage, a big kobold, an orc wizard,
a white imp and an orc.

Vanquished Creatures
  The ghost of Kenran the Cleaver, a novice DDFi of Makhleb (D:8)
  Psyche (D:8)
  2 wyverns
  2 yaks (D:9)
  A hippogriff (D:8)
  Edmund (D:4)
  2 orc warriors
  An ice beast (D:7)
  A phantom (D:7)
  A necrophage (D:7)
  3 ogres
  9 centaurs
  2 big kobolds (D:9)
  A gnoll sergeant (D:9)
  5 giant frogs
  A wyvern skeleton (D:6)
  A howler monkey (D:7)
  5 wights (D:7)
  4 crimson imps
  5 hounds
  2 centaur skeletons
  A giant frog zombie (D:5)
  2 jellies
  5 orc priests
  16 orc wizards
  A giant frog skeleton (D:8)
  2 iguanas
  A worker ant (D:5)
  Ijyb (D:2)
  2 sheep (D:9)
  3 hound zombies
  2 hound skeletons
  A worker ant zombie (D:5)
  7 gnolls
  7 adders
  2 shadow imps (D:7)
  An ooze (D:2)
  2 adder skeletons
  A worm (D:3)
  4 dart slugs
  7 giant geckos
  38 orcs
  5 giant cockroaches
  5 goblins (D:2)
  7 hobgoblins
  5 quokkas
  6 bats
  4 giant newts
  13 kobolds
  8 rats
210 creatures vanquished.

Vanquished Creatures (others)
  An orc (D:6)
1 creature vanquished.

Grand Total: 211 creatures vanquished

Notes
Turn   | Place    | Note
-------+----------+-------------------------------------------
     0 | D:1      | Fenrir042 the Gargoyle Wizard began the quest for the Orb.
     0 | D:1      | Reached XP level 1. HP: 10/10 MP: 4/4
   224 | D:1      | Reached XP level 2. HP: 11/15 MP: 1/6
   946 | D:1      | Reached skill level 2 in Conjurations
  1091 | D:2      | Noticed Terence
  1093 | D:2      | Reached XP level 3. HP: 17/19 MP: 4/7
  1539 | D:2      | Learned a level 3 spell: Mephitic Cloud
  1907 | D:2      | Noticed Ijyb
  1956 | D:2      | Killed Ijyb
  1956 | D:2      | Reached skill level 3 in Conjurations
  1956 | D:2      | Reached XP level 4. HP: 22/24 MP: 2/9
  2288 | D:2      | Reached skill level 1 in Air Magic
  2517 | D:3      | Reached XP level 5. HP: 28/28 MP: 3/11
  2708 | D:3      | Noticed a centaur
  2720 | D:3      | Killed a centaur
  2723 | D:3      | Reached skill level 4 in Conjurations
  2979 | D:3      | Reached XP level 6. HP: 28/32 MP: 2/12
  3184 | D:3      | Found a hazy altar of Hepliaklqana.
  3294 | D:3      | Reached skill level 5 in Spellcasting
  3422 | D:3      | Found a deep blue altar of Sif Muna.
  3743 | D:3      | Reached skill level 5 in Conjurations
  3984 | D:3      | Reached XP level 7. HP: 12/36 MP: 0/14
  4244 | D:4      | Noticed Edmund
  4276 | D:4      | Killed Edmund
  4437 | D:3      | Learned a level 3 spell: Conjure Flame
  4755 | D:4      | Reached skill level 6 in Conjurations
  4838 | D:4      | You fall through a shaft!
  4838 | D:5      | Entered Level 5 of the Dungeon
  4856 | D:5      | Reached skill level 1 in Armour
  4856 | D:5      | Reached skill level 1 in Fire Magic
  4856 | D:5      | Reached XP level 8. HP: 38/41 MP: 8/16
  5113 | D:5      | Found a staircase to the Ecumenical Temple.
  5145 | Temple   | Entered the Ecumenical Temple
  5208 | Temple   | Became a worshipper of Vehumet
  5640 | D:5      | Reached skill level 1 in Fighting
  5640 | D:5      | Reached skill level 1 in Evocations
  5700 | D:5      | Reached skill level 1 in Maces & Flails
  6213 | D:5      | Found an oddly glowing altar of Pakellas.
  6348 | D:5      | Reached * piety under Vehumet
  6348 | D:5      | Offered knowledge of Shock by Vehumet.
  7050 | D:5      | Learned a level 2 spell: Repel Missiles
  7403 | D:6      | Reached XP level 9. HP: 48/48 MP: 12/18
  7961 | D:6      | Found a stormy altar of Qazlal.
  8034 | D:7      | Got a polished flail
  8035 | D:7      | Identified the +10 flail of Disarray {flame, *Drain rElec SInv Stlth+} (You found it on level 7 of the Dungeon)
  8610 | D:8      | Offered knowledge of Searing Ray by Vehumet.
  8703 | D:8      | Reached skill level 7 in Conjurations
  8714 | D:8      | Noticed Psyche
  8725 | D:8      | Killed Psyche
  8725 | D:8      | Reached ** piety under Vehumet
  8981 | D:8      | Noticed a gargoyle
  9084 | D:8      | Noticed Kenran's ghost (novice DDFi)
  9269 | D:7      | Learned a level 2 spell: Blink
  9302 | D:7      | Reached XP level 10. HP: 35/56 MP: 14/20
  9756 | D:8      | Offered knowledge of Dazzling Spray by Vehumet.
 10018 | D:8      | Killed Kenran's ghost
 10580 | D:9      | Reached *** piety under Vehumet
 10674 | D:9      | Identified Seesmobb's Tome of the Congealing Volcanoes
 10682 | D:9      | Learned a level 3 spell: Ignite Poison
 10694 | D:9      | Noticed a two-headed hydra
 10716 | D:9      | Noticed a deep elf mage
 10724 | D:9      | Noticed a deep elf mage
 10725 | D:9      | Slain by a two-headed hydra

Vault maps used:
D:1:      lightli_arrival_chessboard
D:2:      uniq_terence, uniq_iyjb
D:3:      lemuel_doored_altar, led_sif_book, first_bread
D:4:      uniq_blork_the_orc, uniq_edmund, uniq_pikel
D:5:      kennysheep_mini_moat, hangedman_decor_lopped,
          hangedman_minor_gate_pass
D:6:      kennysheep_mini
D:8:      uniq_psyche
D:9:      orc_0_dummy, hangedman_ranch, hex_medium, hangedman_minor_magic
Temple:   compressed_dpeg_circular_temple

Skill      XL: |  1  2  3  4  5  6  7  8  9 10 |
---------------+-------------------------------+-----
Conjurations   | 2 3 4 5 6 7 |  7.6
Spellcasting   | 4 5 6 |  6.9
Air Magic      | 1 2 3 4 |  4.6
Armour         | 1 2 4 |  4.9
Fire Magic     | 1 2 3 4 |  4.0
Fighting       | 2 3 4 |  4.7
Evocations     | 1 2 3 |  3.5
Maces & Flails | 2 3 4 |  4.0
Dodging        | 2 3 |  3.6
Stealth        | |  2.1
Summonings     | |  0.8
Translocations | |  0.8

Action                   |  1- 3 |  4- 6 |  7- 9 | 10-12 || total
-------------------------+-------+-------+-------+-------++-------
Melee: Whip              |   101 |   103 |   293 |       ||   497
       Flail             |       |       |    40 |    91 ||   131
 Cast: Magic Dart        |    58 |    57 |   158 |    56 ||   329
       Mephitic Cloud    |     2 |    14 |    36 |     9 ||    61
       Conjure Flame     |       |       |    22 |     6 ||    28
       Repel Missiles    |       |       |     1 |     1 ||     2
       Ignite Poison     |       |       |       |     1 ||     1
 Stab: Sleeping          |     1 |     2 |     1 |       ||     4
       Confused          |       |     4 |     8 |     6 ||    18
       Distracted        |       |       |       |     2 ||     2
  Eat: Chunk             |     3 |     4 |    16 |     4 ||    27
       Meat ration       |       |     1 |       |       ||     1
       Pizza             |       |       |       |     1 ||     1
Armor: Robe              |    46 |    44 |    12 |       ||   102
       Leather armour    |       |       |   193 |    65 ||   258
Dodge: Dodged            |    90 |    73 |   248 |    93 ||   504
       Deflected         |       |       |     8 |     1 ||     9
